| TOP OF THE 1ST |
|
Tampa Pirates batting - Pitching for Winter Haven Sun Sox : RHP Robert Pfeffer
|
|
Pitching: RHP Robert Pfeffer
|
|
|
Batting: RHB Erwin Bryant
|
0-0: SINGLE (Flyball, 7LS, EV 87.5 MPH)
|
|
Batting: RHB Ricky Jones
|
0-0: Ball 1-0: Foul Ball, location: 2F 1-1: Fly out, F5 (Line Drive, 5, EV 71.3 MPH)
|
|
Batting: LHB David Frederick
|
0-0: Ball 1-0: Ball 2-0: Ball 3-0: Called Strike 3-1: Swinging Strike 3-2: SINGLE (Groundball, 6MD, EV 95.6 MPH) Erwin Bryant to second Runner from 2nd tries for 3rd, SAFE, no throw by CF
|
|
Batting: RHB Cliff Pastornicky
|
0-0: Called Strike 0-1: Ball 1-1: Ball 2-1: Grounds into double play, 4-6-3 (Groundball, 4, EV 96.9 MPH)
|
| Top of the 1st over - 0 runs, 2 hits, 0 errors, 1 left on base; Tampa 0 - Winter Haven 0 |
| BOTTOM OF THE 1ST |
|
Winter Haven Sun Sox batting - Pitching for Tampa Pirates : RHP Andre Patillo
|
|
Pitching: RHP Andre Patillo
|
|
|
Batting: LHB Don Carter
|
0-0: Ball 1-0: Called Strike 1-1: Foul Ball, location: 2F 1-2: Ground out 4-3 (Groundball, 4M, EV 103.8 MPH)
|
|
Batting: RHB Augie Schmidt
|
0-0: Foul Ball, location: 2F 0-1: Ball 1-1: Foul Ball, location: 2F 1-2: Ball 2-2: Foul Ball, location: 2F 2-2: Strikes out looking
|
|
Batting: RHB Sam Sorce
|
0-0: Fly out, F7 (Flyball, 7S, EV 88.1 MPH)
|
| Bottom of the 1st over - 0 runs, 0 hits, 0 errors, 0 left on base; Tampa 0 - Winter Haven 0 |
| TOP OF THE 2ND |
|
Tampa Pirates batting - Pitching for Winter Haven Sun Sox : RHP Robert Pfeffer
|
|
Batting: LHB Alfredo Rodriguez
|
0-0: Called Strike 0-1: Ball 1-1: Ball 2-1: Swinging Strike 2-2: Foul Ball, location: 2F 2-2: Foul Ball, location: 2F 2-2: Ball 3-2: Base on Balls
|
|
Batting: RHB Rico Sutton
|
0-0: Ball 1-0: Ball 2-0: Ball 3-0: Called Strike 3-1: Called Strike 3-2: Base on Balls Alfredo Rodriguez to second
|
|
Batting: RHB Roy Dixon
|
0-0: Called Strike 0-1: Fly out, F7 (Flyball, 78S, EV 91.3 MPH)
|
|
Batting: LHB Charles Rouse
|
0-0: Called Strike 0-1: Ball 1-1: Ball 2-1: Foul Ball, location: 2F 2-2: Foul Ball, location: 2F 2-2: Fielders Choice at 2nd, 3-6 (Groundball, 34S, EV 88.1 MPH) Alfredo Rodriguez to third
|
|
Batting: SHB Edward Engstler
|
0-0: Called Strike 0-1: SINGLE (Line Drive, 6D, EV 102.5 MPH) Alfredo Rodriguez scores Charles Rouse to second Runner from 2nd tries for 3rd, SAFE, no throw by CF
|
|
Batting: RHB Erwin Bryant
|
0-0: Ball 1-0: Ball 2-0: DOUBLE (Line Drive, 7LM, EV 108.8 MPH) Charles Rouse scores Edward Engstler to third Runner from 3rd tries for Home, SAFE, throw by LF to trailing runner, SAFE at third!
|
|
Batting: RHB Ricky Jones
|
0-0: Foul Ball, location: 2F 0-1: Swinging Strike 0-2: Ball 1-2: Foul Ball, location: 2F 1-2: Fly out, F7 (Flyball, 7S, EV 83.8 MPH)
|
| Top of the 2nd over - 3 runs, 2 hits, 0 errors, 1 left on base; Tampa 3 - Winter Haven 0 |
| BOTTOM OF THE 2ND |
|
Winter Haven Sun Sox batting - Pitching for Tampa Pirates : RHP Andre Patillo
|
|
Batting: LHB John Heller
|
0-0: Called Strike 0-1: Ground out 6-3 (Groundball, 6S, EV 81.9 MPH)
|
|
Batting: RHB Takashi Upshur
|
0-0: Foul Ball, location: 2F 0-1: Foul Ball, location: 2F 0-2: Ball 1-2: Ball 2-2: Ball 3-2: Ground out 6-3 (Groundball, 56, EV 100.6 MPH)
|
|
Batting: RHB Stephen Rhodes
|
0-0: Foul Ball, location: 2F 0-1: Foul Ball, location: 2F 0-2: Ball 1-2: Foul Ball, location: 2F 1-2: Ball 2-2: Ground out 5-3 (Groundball, 5S, EV 80.0 MPH)
|
| Bottom of the 2nd over - 0 runs, 0 hits, 0 errors, 0 left on base; Tampa 3 - Winter Haven 0 |
| TOP OF THE 3RD |
|
Tampa Pirates batting - Pitching for Winter Haven Sun Sox : RHP Robert Pfeffer
|
|
Batting: LHB David Frederick
|
0-0: Called Strike 0-1: Ball 1-1: Called Strike 1-2: Foul Ball, location: 2F 1-2: Ball 2-2: SINGLE (Line Drive, 8LS, EV 110.0 MPH)
|
|
Batting: RHB Cliff Pastornicky
|
0-0: Foul Ball, location: 2F 0-1: Ball 1-1: Fly out, F9 (Line Drive, 9, EV 90.0 MPH)
|
|
Batting: LHB Alfredo Rodriguez
|
0-0: Called Strike 0-1: Ball 1-1: Foul Ball, location: 2F 1-2: Fielders Choice at 2nd, 2-6 (Groundball, 2R, EV 70.0 MPH)
|
|
Batting: RHB Rico Sutton
|
0-0: Ball 1-0: Ball 2-0: Swinging Strike 2-1: Ball 3-1: Fly out, F9 (Flyball, 89M, EV 91.9 MPH)
|
| Top of the 3rd over - 0 runs, 1 hit, 0 errors, 1 left on base; Tampa 3 - Winter Haven 0 |
| BOTTOM OF THE 3RD |
|
Winter Haven Sun Sox batting - Pitching for Tampa Pirates : RHP Andre Patillo
|
|
Batting: RHB Domingo Ramos
|
0-0: Ball 1-0: Ground out 5-3 (Groundball, 56, EV 105.0 MPH)
|
|
Batting: RHB Jose Marcano
|
0-0: Foul Ball, location: 2F 0-1: SINGLE (Line Drive, 7S, EV 92.5 MPH)
|
|
Batting: RHB Tony Flores
|
0-0: Ball 1-0: Foul Ball, location: 2F 1-1: Grounds into double play, 5-4-3 (Groundball, 56, EV 87.5 MPH)
|
| Bottom of the 3rd over - 0 runs, 1 hit, 0 errors, 0 left on base; Tampa 3 - Winter Haven 0 |
| TOP OF THE 4TH |
|
Tampa Pirates batting - Pitching for Winter Haven Sun Sox : RHP Robert Pfeffer
|
|
Batting: RHB Roy Dixon
|
0-0: Swinging Strike 0-1: DOUBLE (Line Drive, 89D, EV 105.6 MPH)
|
|
Batting: LHB Charles Rouse
|
0-0: Ball 1-0: Foul Ball, location: 2F 1-1: Ball 2-1: Swinging Strike 2-2: Strikes out swinging
|
|
Batting: SHB Edward Engstler
|
0-0: Ball 1-0: Ground out 4-3 (Groundball, 4D, EV 108.1 MPH) Roy Dixon to third
|
|
Batting: RHB Erwin Bryant
|
0-0: Ball 1-0: Called Strike 1-1: Ball 2-1: Ball 3-1: Fly out, F5 (Flyball, 5D, EV 80.0 MPH)
|
| Top of the 4th over - 0 runs, 1 hit, 0 errors, 1 left on base; Tampa 3 - Winter Haven 0 |
| BOTTOM OF THE 4TH |
|
Winter Haven Sun Sox batting - Pitching for Tampa Pirates : RHP Andre Patillo
|
|
Batting: LHB Don Carter
|
0-0: Called Strike 0-1: Ball 1-1: SINGLE (Groundball, 34S, EV 67.5 MPH) (infield hit)
|
|
Batting: RHB Augie Schmidt
|
0-0: Ball 1-0: Called Strike Don Carter steals 2nd base 1-1: Swinging Strike 1-2: Ball 2-2: Ball 3-2: Foul Ball, location: 2F 3-2: Ground out 6-3 (Groundball, 6, EV 105.6 MPH)
|
|
Batting: RHB Sam Sorce
|
0-0: Ground out 1-3 (Groundball, 15S, EV 69.4 MPH)
|
|
Batting: LHB John Heller
|
0-0: Foul Ball, location: 2F 0-1: Foul Ball, location: 2F 0-2: Foul Ball, location: 2F 0-2: SINGLE (Groundball, 4MD, EV 108.1 MPH) Don Carter to third Runner from 3rd tries for Home, SAFE, throw by CF to home John Heller to second
|
|
Batting: RHB Takashi Upshur
|
0-0: Ball 1-0: Ball 2-0: Ground out 1-3 (Groundball, 15S, EV 73.8 MPH)
|
| Bottom of the 4th over - 1 run, 2 hits, 0 errors, 1 left on base; Tampa 3 - Winter Haven 1 |
| TOP OF THE 5TH |
|
Tampa Pirates batting - Pitching for Winter Haven Sun Sox : RHP Robert Pfeffer
|
|
Batting: RHB Ricky Jones
|
0-0: Swinging Strike 0-1: Ball 1-1: Called Strike 1-2: Foul Ball, location: 2F 1-2: Foul Ball, location: 2F 1-2: Ball 2-2: Foul Ball, location: 2F 2-2: Foul Ball, location: 2F 2-2: Ball 3-2: Base on Balls
|
|
Batting: LHB David Frederick
|
0-0: Called Strike Pickoff Throw by Catcher to First - Out! 0-1: Ball 1-1: Swinging Strike 1-2: Ball 2-2: Strikes out swinging
|
|
Batting: RHB Cliff Pastornicky
|
0-0: Foul Ball, location: 2F 0-1: Foul Ball, location: 2F 0-2: Ball 1-2: Fly out, F8 (Flyball, 8RD, EV 90.0 MPH)
|
| Top of the 5th over - 0 runs, 0 hits, 0 errors, 0 left on base; Tampa 3 - Winter Haven 1 |
| BOTTOM OF THE 5TH |
|
Winter Haven Sun Sox batting - Pitching for Tampa Pirates : RHP Andre Patillo
|
|
Batting: RHB Stephen Rhodes
|
0-0: Called Strike 0-1: Foul Ball, location: 2F 0-2: Ball 1-2: Ball 2-2: Strikes out swinging
|
|
Batting: RHB Domingo Ramos
|
0-0: Fly out, F7 (Line Drive, 7, EV 105.0 MPH)
|
|
Batting: RHB Jose Marcano
|
0-0: Ball 1-0: Ball 2-0: Ball 3-0: Base on Balls
|
|
Batting: RHB Tony Flores
|
0-0: Ball 1-0: Called Strike 1-1: Called Strike 1-2: Ground out 5-3 (Groundball, 56, EV 105.0 MPH)
|
| Bottom of the 5th over - 0 runs, 0 hits, 0 errors, 1 left on base; Tampa 3 - Winter Haven 1 |
| TOP OF THE 6TH |
|
Tampa Pirates batting - Pitching for Winter Haven Sun Sox : RHP Robert Pfeffer
|
|
Batting: LHB Alfredo Rodriguez
|
0-0: Foul Ball, location: 2F 0-1: Swinging Strike 0-2: Ground out 6-3 (Groundball, 6, EV 88.8 MPH)
|
|
Batting: RHB Rico Sutton
|
0-0: Ground out 6-3 (Groundball, 6D, EV 106.3 MPH)
|
|
Batting: RHB Roy Dixon
|
0-0: Ball 1-0: Called Strike 1-1: Foul Ball, location: 2F 1-2: Fly out, F8 (Line Drive, 8LD, EV 106.9 MPH)
|
| Top of the 6th over - 0 runs, 0 hits, 0 errors, 0 left on base; Tampa 3 - Winter Haven 1 |
| BOTTOM OF THE 6TH |
|
Winter Haven Sun Sox batting - Pitching for Tampa Pirates : RHP Andre Patillo
|
|
Batting: LHB Don Carter
|
0-0: Ground out U3 (Groundball, 34S, EV 89.4 MPH)
|
|
Batting: RHB Augie Schmidt
|
0-0: Called Strike 0-1: Swinging Strike 0-2: Fly out, F8 (Flyball, 8LD, EV 79.4 MPH)
|
|
Batting: RHB Sam Sorce
|
0-0: Called Strike 0-1: Ball 1-1: Swinging Strike 1-2: Ball 2-2: Fly out, F9 (Flyball, 89S, EV 75.6 MPH)
|
| Bottom of the 6th over - 0 runs, 0 hits, 0 errors, 0 left on base; Tampa 3 - Winter Haven 1 |
| TOP OF THE 7TH |
|
Tampa Pirates batting - Pitching for Winter Haven Sun Sox : RHP Robert Pfeffer
|
|
Batting: LHB Charles Rouse
|
0-0: Ball 1-0: Ball 2-0: Called Strike 2-1: Ball 3-1: Foul Ball, location: 2F 3-2: Foul Ball, location: 2F 3-2: Base on Balls
|
|
Pitching: RHP Dave Steffen
|
|
|
Batting: SHB Edward Engstler
|
0-0: Ball 1-0: Called Strike 1-1: DOUBLE (Line Drive, 9LS, EV 105.6 MPH) Charles Rouse to third Runner from 3rd tries for Home, throw by RF and OUT! 9-4-2
|
|
Batting: RHB Erwin Bryant
|
0-0: Ball 1-0: Ball 2-0: Ground out 6-3 (Groundball, 6, EV 83.8 MPH) Edward Engstler to third
|
|
Batting: RHB Ricky Jones
|
0-0: Ground out 6-3 (Groundball, 6, EV 103.8 MPH)
|
| Top of the 7th over - 0 runs, 1 hit, 0 errors, 1 left on base; Tampa 3 - Winter Haven 1 |
| BOTTOM OF THE 7TH |
|
Winter Haven Sun Sox batting - Pitching for Tampa Pirates : RHP Andre Patillo
|
|
Batting: LHB John Heller
|
0-0: Ground out 6-3 (Groundball, 6M, EV 103.8 MPH)
|
|
Batting: RHB Takashi Upshur
|
0-0: Foul Ball, location: 2F 0-1: Ball 1-1: Swinging Strike 1-2: Foul Ball, location: 2F 1-2: Ball 2-2: Foul Ball, location: 2F 2-2: Foul Ball, location: 2F 2-2: SINGLE (Groundball, 56D, EV 104.4 MPH) (infield hit)
|
|
Batting: RHB Stephen Rhodes
|
0-0: Called Strike 0-1: Swinging Strike 0-2: Ball 1-2: SINGLE (Groundball, 25, EV 65.6 MPH) (infield hit) Takashi Upshur to second
|
|
Pinch Hitting: LHB Charles Melito
|
0-0: Foul Ball, location: 2F 0-1: Ball 1-1: Ball Takashi Upshur steals 3rd base Stephen Rhodes to second 2-1: Swinging Strike 2-2: Strikes out swinging
|
|
Batting: RHB Jose Marcano
|
0-0: Ball 1-0: Ball 2-0: Ground out 3-1 (Groundball, 34, EV 103.1 MPH)
|
| Bottom of the 7th over - 0 runs, 2 hits, 0 errors, 2 left on base; Tampa 3 - Winter Haven 1 |
| TOP OF THE 8TH |
|
Tampa Pirates batting - Pitching for Winter Haven Sun Sox : RHP Dave Steffen
|
|
Now at SS: Landre Carty
|
|
|
Batting: LHB David Frederick
|
0-0: Ball 1-0: Ball 2-0: SOLO HOME RUN (Flyball, 89XD, EV 98.8 MPH), Distance : 416 ft
|
|
Batting: RHB Cliff Pastornicky
|
0-0: Ground out 6-3 (Groundball, 6, EV 104.4 MPH)
|
|
Batting: LHB Alfredo Rodriguez
|
0-0: Ball 1-0: Called Strike 1-1: Swinging Strike 1-2: Foul Ball, location: 2F 1-2: Ball 2-2: Ball 3-2: Strikes out looking
|
|
Batting: RHB Rico Sutton
|
0-0: Foul Ball, location: 2F 0-1: Ball 1-1: Foul Ball, location: 2F 1-2: Ball 2-2: Foul Ball, location: 2F 2-2: Foul Ball, location: 2F 2-2: Foul Ball, location: 2F 2-2: Ball 3-2: Foul Ball, location: 2F 3-2: Strikes out swinging
|
| Top of the 8th over - 1 run, 1 hit, 0 errors, 0 left on base; Tampa 4 - Winter Haven 1 |
| BOTTOM OF THE 8TH |
|
Winter Haven Sun Sox batting - Pitching for Tampa Pirates : RHP Andre Patillo
|
|
Batting: RHB Tony Flores
|
0-0: Called Strike 0-1: Swinging Strike 0-2: Ball 1-2: Fly out, F7 (Line Drive, 7D, EV 100.0 MPH)
|
|
Batting: LHB Don Carter
|
0-0: Ball 1-0: Called Strike 1-1: Ground out 1-3 (Groundball, 34S, EV 66.9 MPH)
|
|
Batting: RHB Augie Schmidt
|
0-0: Ball 1-0: Ball 2-0: Ball 3-0: Base on Balls
|
|
Batting: RHB Sam Sorce
|
0-0: Ball 1-0: Called Strike 1-1: Fielders Choice at 2nd, 6-4 (Groundball, 6, EV 103.8 MPH)
|
| Bottom of the 8th over - 0 runs, 0 hits, 0 errors, 1 left on base; Tampa 4 - Winter Haven 1 |
| TOP OF THE 9TH |
|
Tampa Pirates batting - Pitching for Winter Haven Sun Sox : RHP Dave Steffen
|
|
Pitching: RHP Brian Monahan
|
|
|
Batting: RHB Roy Dixon
|
0-0: Ball 1-0: Ground out 5-3 (Groundball, 56S, EV 76.3 MPH)
|
|
Batting: LHB Charles Rouse
|
0-0: Called Strike 0-1: Called Strike 0-2: Ball 1-2: Strikes out looking
|
|
Batting: SHB Edward Engstler
|
0-0: Ball 1-0: Called Strike 1-1: Ball 2-1: Fly out, F9 (Line Drive, 9, EV 105.0 MPH)
|
| Top of the 9th over - 0 runs, 0 hits, 0 errors, 0 left on base; Tampa 4 - Winter Haven 1 |
| BOTTOM OF THE 9TH |
|
Winter Haven Sun Sox batting - Pitching for Tampa Pirates : RHP Andre Patillo
|
|
Batting: LHB John Heller
|
0-0: Ball 1-0: Foul Ball, location: 2F 1-1: Fly out, F6 (Flyball, 56D, EV 90.6 MPH)
|
|
Batting: RHB Takashi Upshur
|
0-0: Called Strike 0-1: Ball 1-1: Ball 2-1: Foul Ball, location: 2F 2-2: DOUBLE (Line Drive, 8RD, EV 90.0 MPH)
|
|
Batting: RHB Stephen Rhodes
|
0-0: Swinging Strike 0-1: Ball 1-1: Foul Ball, location: 2F 1-2: Ball 2-2: Fly out, F5 (Popup, 25F, EV 83.1 MPH)
|
|
Batting: RHB Landre Carty
|
0-0: Ball 1-0: Foul Ball, location: 2F 1-1: Foul Ball, location: 2F 1-2: Ground out 6-3 (Groundball, 6, EV 80.6 MPH)
|
| Bottom of the 9th over - 0 runs, 1 hit, 0 errors, 1 left on base; Tampa 4 - Winter Haven 1 |
|